 Dungeon Crawl Stone Soup version 0.30.1-11-g7821555f0a (webtiles) character file.

Game seed: 12655849708111936350

812 safid the Conjurer (level 7, -7/36 (44) HPs)
             Began as a Gargoyle Reaver on Dec 8, 2023.
             Was an Initiate of Gozag.
             Mangled by an orc warrior
             ... wielding a +0 halberd
              (12 damage)
             ... on level 6 of the Dungeon.
             The game lasted 00:09:10 (4116 turns).

safid the Conjurer (Gargoyle Reaver)                Turns: 4116, Time: 00:09:11

HP:   -7/36 (44)    AC: 13    Str: 18    XL:     7   Next: 93%
MP:   11/13         EV: 11    Int: 16    God:    Gozag
Gold: 557           SH:  3    Dex:  8    Spells: 11/14 levels left

rFire   . . .        a - +0 mace
rCold   . . .        A - +0 buckler
rNeg    + . .        b - +0 leather armour
rPois   ∞            (no helmet)
rElec   +            q - +2 cloak "Temmuura" {Int+3}
rCorr   .            r - +0 pair of gloves
SInv    .            h - +0 pair of boots
Will    +....        v - amulet of regeneration
Stlth   +            B - ring of willpower
HPRegen 1.06/turn    (no ring)
MPRegen 0.13/turn

%: no passive effects
@: heavily drained
A: sickness immunity, AC +4, negative energy resistance 1, electricity
resistance, torment resistance 1, petrification resistance
a: Renounce Religion, Potion Petition, Call Merchant, Bribe Branch


You were on level 6 of the Dungeon.
You worshipped Gozag.
Gozag was pleased with you.
You visited 2 branches of the dungeon, and saw 7 of its levels.

You collected 650 gold pieces.
You paid 93 gold pieces to Gozag.

Inventory:

Hand Weapons
 a - a +0 mace (weapon)
Missiles
 s - 3 silver boomerangs (quivered)
 u - 4 curare-tipped darts
Armour
 b - a +0 leather armour (worn)
 h - a +0 pair of boots (worn)
 q - the +2 cloak "Temmuura" (worn) {Int+3}
   (You found it on level 3 of the Dungeon)

   Int:       It affects your intelligence (+3).
 r - a +0 pair of gloves (worn)
 A - a +0 buckler (worn)
Jewellery
 v - an amulet of regeneration (around neck)
 B - a ring of willpower (left hand)
Scrolls
 d - a scroll of poison {unknown}
 e - a scroll of blinking {unknown}
 l - a scroll of noise {unknown}
 m - a scroll of amnesia {unknown}
 n - a scroll of brand weapon {unknown}
 o - a scroll of silence {unknown}
 x - 3 scrolls of fear
 y - 2 scrolls of enchant armour
 z - 2 scrolls of teleportation
Potions
 c - 2 potions of flight {unknown}
 f - 4 potions of curing
 j - 3 potions of brilliance
 k - a potion of ambrosia {unknown}
 p - a potion of berserk rage {unknown}
 t - a potion of heal wounds {unknown}
 w - a potion of resistance {unknown}


   Skills:
 + Level 4.7 Fighting
 + Level 4.9 Maces & Flails
 + Level 3.2 Armour
 - Level 1.5 Dodging
 + Level 0.7 Shields
 + Level 4.0 Spellcasting
 + Level 5.4 Conjurations


You had 11 spell levels left.
You knew the following spells:

 Your Spells              Type           Power      Damage    Failure   Level
a - Kiss of Death         Conj/Necr      44%        2d8       9%          1
b - Momentum Strike       Conj/Tloc      22%        3d8       13%         2

Your spell library contained the following spells:

 Spells                   Type           Power      Damage    Failure   Level
 Magic Dart               Conj           80%        1d7       2%          1
 Searing Ray              Conj           40%        2d5       4%          2
 Hailstorm                Conj/Ice       11%        3d5       26%         3
 Ignite Poison            Fire/Tmut/Pois 3%         N/A       61%         3
 Inner Flame              Hex/Fire       3%         N/A       61%         3
 Ozocubu's Armour         Ice            3%         N/A       61%         3
 Fulminant Prism          Conj/Hex       5%         3d7       65%         4
 Freezing Cloud           Conj/Ice/Air   4%         6-21      98%         5
 Yara's Violent Unravell  Hex/Tmut       1%         3d3       100%        5
 Enfeeble                 Hex            1%         N/A       100%        7
 Ozocubu's Refrigeration  Ice            1%         4d7       100%        7
 Cigotuvi's Dreadful Rot  Necr/Pois/Air  Unusable   N/A       N/A         2

Dungeon Overview and Level Annotations

Branches:
Dungeon (6/15)             Temple (1/1) D:4

Altars:
Ashenzari
Cheibriados
Dithmenos
Fedhas
Gozag
Kikubaaqudgha
Makhleb
Nemelex Xobeh
Okawaru
Qazlal
Ru
Sif Muna
Trog
Uskayaw
Vehumet
Xom
Yredelemnul
Zin
The Shining One

Annotations:
D:3 1 runed translucent door, Crazy Yiuf
D:5 3 runed translucent doors, Jingleheimer's ghost, novice OpTm


Innate Abilities, Weirdness & Mutations

You are immune to sickness and miasma.
Your stone body is resilient. (AC +4)
You are immune to poison.
You resist negative energy. (rN+)
You are resistant to electric shocks. (rElec)
You are resistant to unholy torment.
You are immune to petrification.


Message History

You kill the orc!
You feel drained. The orc misses you. The orc warrior barely misses you.
Unknown command.
You sock the orc warrior!
The orc warrior is moderately wounded.
The orc completely misses you.
The orc warrior hits you with a +0 halberd.
The iguana barely misses you.
You barely miss the orc warrior.
The orc warrior is moderately wounded.
The iguana is distracted by your dazzling golden aura.
The orc closely misses you.
The orc warrior hits you with a +0 halberd.
The orc warrior hits you with a +0 halberd!
The orc hits you but does no damage.
You barely miss the orc warrior.
The orc warrior is moderately wounded.
You block the orc's attack. You block the orc warrior's attack.
You hit the orc warrior but do no damage.
The orc warrior is moderately wounded.
The orc misses you.
The orc warrior hits you with a +0 halberd.
You closely miss the orc warrior.
The orc warrior is moderately wounded.
The iguana is no longer distracted by gold.
The orc barely misses you. The orc warrior misses you.
You block the iguana's attack.
You hit the orc warrior but do no damage.
The orc warrior is moderately wounded.
The orc barely misses you.
The orc warrior hits you with a +0 halberd!
* * * LOW HITPOINT WARNING * * *
The iguana completely misses you.
You closely miss the orc warrior.
The orc warrior is moderately wounded.
The iguana bites you but does no damage.
The orc hits you but does no damage.
The orc warrior hits you with a +0 halberd!
You die...
Your body crumbles into a pile of gold.

#............####
#..............
#####..........#.###
#..............#.#
+..............#.#
#..............#
#..............#
#..$.o.........#
#..$@###....###
#..lo# ....#
#........ ##...
#.......#. ..#
#.......#.# .#
######### . .> .# $


You could see an orc warrior, an iguana and an orc.

Vanquished Creatures
  An ogre (D:5)
  2 phantoms
  2 scorpions (D:4)
  2 hounds (D:5)
  A jelly (D:4)
  2 orc priests
  Jessica (D:3)
  2 iguanas (D:4)
  4 gnolls
  10 adders
  An ufetubus (D:5)
  A worm (D:2)
  A dart slug (D:3)
  14 orcs
  11 ball pythons
  5 bats
  7 endoplasms
  4 giant cockroaches
  5 goblins
  8 hobgoblins
  4 jackals (D:3)
  10 kobolds
  2 quokkas
  5 frilled lizards
105 creatures vanquished.

Notes
Turn   | Place    | Note
-------+----------+-------------------------------------------
     0 | D:1      | safid the Gargoyle Reaver began the quest for the Orb.
     0 | D:1      | Reached XP level 1. HP: 12/12 MP: 3/3
    65 | D:1      | Reached XP level 2. HP: 5/18 MP: 3/5
   759 | D:2      | Reached XP level 3. HP: 20/22 MP: 6/6
  1076 | D:2      | Reached XP level 4. HP: 28/28 MP: 7/7
  1163 | D:2      | Reached skill level 4 in Conjurations
  1578 | D:3      | Identified the +2 cloak "Temmuura" {Int+3}
  1602 | D:3      | Learned a level 2 spell: Momentum Strike
  1793 | D:3      | Noticed Jessica
  1802 | D:3      | Killed Jessica
  1803 | D:3      | Reached XP level 5. HP: 32/32 MP: 4/9
  2072 | D:3      | Found a sacrificial altar of Ru.
  2181 | D:3      | Noticed a phantom
  2194 | D:3      | Killed a phantom
  2195 | D:3      | Reached skill level 1 in Armour
  2299 | D:3      | Found a runed translucent door.
  2300 | D:3      | Noticed Crazy Yiuf
  2354 | D:4      | Found a staircase to the Ecumenical Temple.
  2360 | D:4      | Reached XP level 6. HP: 38/38 MP: 7/10
  2368 | Temple   | Entered the Ecumenical Temple
  2539 | Temple   | Became a worshipper of Gozag Ym Sagoz the Greedy
  2887 | D:4      | Reached XP level 7. HP: 43/43 MP: 12/12
  3003 | D:4      | Reached skill level 5 in Conjurations
  3431 | D:5      | Entered Level 5 of the Dungeon
  3693 | D:5      | Found a shadowy altar of Dithmenos.
  3694 | D:5      | Found an iron altar of Okawaru.
  3736 | D:5      | Identified the +1 hand axe "Ivvefeo" {flame, Fly Str+3}
  3811 | D:5      | Found a runed translucent gate.
  3811 | D:5      | Found a runed translucent gate.
  3811 | D:5      | Found a runed translucent gate.
  3958 | D:5      | Noticed Jingleheimer's ghost (novice OpTm)
  4116 | D:6      | Mangled by an orc warrior

Illustrated notes

Levels and vault maps discovered:
D:1:      minmay_arrival_shattered_statue, layout_loops_cross
D:2:      layout_basic, minmay_pentomino_pile
D:3:      layout_loops_cross, mainiacjoe_overflow_small_starburst,
          grunt_ministairs_15, kennysheep_generic_room_3, uniq_jessica,
          uniq_crazy_yiuf_cottage
D:4:      layout_loops_ring, minmay_temple_entry_antechambers, minmay_cupped
D:5:      layout_rooms, gammafunk_temple_overflow_statue, gammafunk_ghost_icy,
          kennysheep_generic_room_14
D:6:      layout_basic, serial_shops, nicolae_shop_bloodbath_and_beyond,
          nicolae_lakefront_shop, lightli_church_of_beogh
Temple:   nicolae_temple_elliptical

Skill      XL: |  1  2  3  4  5  6  7 |
---------------+----------------------+-----
Fighting       | 3 4 |  4.7
Conjurations   | 4 5 |  5.4
Maces & Flails | 4 |  4.9
Armour         | 1 2 3 |  3.2
Spellcasting   | 3 4 |  4.0
Dodging        | |  1.5
Shields        | |  0.7

Action                     |  1- 3 |  4- 6 |  7- 9 || total
---------------------------+-------+-------+-------++-------
  Melee: Mace              |    88 |   156 |   150 ||   394
         Punch             |     2 |     1 |     2 ||     5
  Throw: Boomerang         |       |     3 |     3 ||     6
   Cast: Kiss of Death     |     1 |       |     2 ||     3
         Momentum Strike   |       |     5 |     6 ||    11
    Use: Scroll            |       |       |     6 ||     6
 Armour: Leather armour    |    49 |    81 |   111 ||   241
  Dodge: Dodged            |    62 |    94 |   130 ||   286
  Block: Buckler           |       |       |     6 ||     6
